 Dungeon Crawl Stone Soup version 0.30.0-11-gf55b779eaf (webtiles) character file.

Game seed: 3948350127044156844

76 dialectric the Trooper (level 4, -5/29 HPs)
             Began as a Gargoyle Fighter on May 17, 2023.
             Slain by an ogre
             ... wielding a +0 giant club
              (24 damage)
             ... on level 2 of the Dungeon.
             The game lasted 00:03:17 (1410 turns).

dialectric the Trooper (Gargoyle Fighter)           Turns: 1410, Time: 00:03:18

Health: -5/29      AC: 10    Str: 22    XL:     4   Next: 32%
Magic:  4/4        EV: 10    Int:  8    God:
Gold:   113        SH:  0    Dex:  9    Spells: 3/3 levels left

rFire   . . .        g - +2 dagger (venom)
rCold   . . .        (no shield)
rNeg    + . .        b - +0 scale mail
rPois   ∞            (no helmet)
rElec   +            (no cloak)
rCorr   .            (no gloves)
SInv    .            (no boots)
Will    .....        (no amulet) Stlth
                     (no ring)
HPRegen 0.24/turn    (no ring)
MPRegen 0.09/turn

%: no passive effects
@: no status effects
A: sickness immunity, AC +3, negative energy resistance 1, electricity
resistance, torment resistance 1, petrification resistance
a: no special abilities


You were on level 2 of the Dungeon.
You visited 1 branch of the dungeon, and saw 3 of its levels.

You collected 113 gold pieces.

Inventory:

Hand Weapons
 a - a +0 long sword
 g - a +2 dagger of venom (weapon)
Armour
 b - a +0 scale mail (worn)
 n - a +0 pair of boots
Jewellery
 j - an amulet of guardian spirit
Wands
 p - a wand of charming (7)
Scrolls
 c - 4 scrolls of identify {unknown}
 e - a scroll of enchant armour {unknown}
 h - 2 scrolls of fear {unknown}
 i - a scroll of summoning {unknown}
 m - a scroll of poison {unknown}
Potions
 d - a potion of might
 f - a potion of mutation {unknown}
 k - a potion of degeneration {unknown}
 l - a potion of berserk rage {unknown}
 o - a potion of magic {unknown}


   Skills:
 + Level 4.0 Fighting
 + Level 0.6(1.6) Short Blades
 + Level 2.3(2.4) Long Blades
 + Level 4.0 Armour
 + Level 1.0 Dodging
 - Level 3.2 Shields


You had 3 spell levels left.
You didn't know any spells.
Your spell library was empty.

Dungeon Overview and Level Annotations

Branches:
Dungeon (3/15)

Altars:


Innate Abilities, Weirdness & Mutations

You are immune to sickness and miasma.
Your stone body is resilient. (AC +3)
You are immune to poison.
You resist negative energy. (rN+)
You are resistant to electric shocks. (rElec)
You are resistant to unholy torment.
You are immune to petrification.


Message History

The adder is heavily wounded.
The adder bites you but does no damage.
You hit the adder.
The adder is severely wounded.
The adder closely misses you.
You barely miss the adder.
The adder is severely wounded.
The adder bites you but does no damage.
You hit the adder.
You kill the adder!
Your Armour skill increases to level 4!
No target in view!
No target in view!
No target in view!
No target in view!
No target in view!
You climb downwards.
The adder bites you but does no damage. The ogre closely misses you.
The adder bites you but does no damage.
There is a stone staircase leading up here.
The adder barely misses you. The ogre barely misses you.
The goblin unwields a +0 dagger.
The goblin wields a +0 sling.
The goblin shoots a sling bullet.
The sling bullet barely misses you.
You climb upwards.
There is a stone staircase leading down here.
Unknown command.
You hit the ogre.
The ogre is poisoned.
The ogre is lightly wounded.
The adder bites you but does no damage. The adder bites you.
The ogre hits you with a +0 giant club!
Aiming: Charm
Press: ? - help, Shift-Dir - straight line, f - adder
Aim: an adder (chance to affect: 57%)
The adder is charmed.
The ogre closely misses your adder.
Unknown command.
Unknown command.
The ogre hits your adder with a +0 giant club!
Your adder dies!
The ogre hits you with a +0 giant club!!
Ouch! That really hurt!
You die...

..#####...#...#....## #
######.......##.##..# #
####..)...#..##.###.# #
......###.##....# #.# #
......# #.....#.###.##
## ......#
#####....†#..### #.
......# #.##>......###
#. ......##
#.##O##..#...# #.
...)...# #.##@###.).#.#
####. .....#.### #.##.#
###.#.## #....
...<.#...####.##.##
#.#..###.###
.....###..........#
#.##.#...# ...<.#
###[.....#.# #......###
###### #......#.##
#####...####
#......#÷÷###.....#....#
#......##.#.............
#......##†#.#...........


You could see an ogre (poisoned).

Vanquished Creatures
  2 adders (D:2)
  A worm (D:2)
  3 ball pythons
  4 endoplasms
  4 giant cockroaches
  2 goblins
  3 hobgoblins
  14 jackals
  7 kobolds
  2 bats
  A frilled lizard (D:3)
  4 rats
47 creatures vanquished.

Vanquished Creatures (others)
  An adder (D:2)
1 creature vanquished.

Grand Total: 48 creatures vanquished

Notes
Turn   | Place    | Note
-------+----------+-------------------------------------------
     0 | D:1      | dialectric the Gargoyle Fighter began the quest for the
                  | Orb.
     0 | D:1      | Reached XP level 1. HP: 14/14 MP: 1/1
   130 | D:1      | Reached XP level 2. HP: 19/19 MP: 2/2
   171 | D:1      | Found a faded altar of an unknown god.
   885 | D:2      | Reached XP level 3. HP: 24/24 MP: 3/3
  1170 | D:2      | Reached XP level 4. HP: 27/29 MP: 4/4
  1330 | D:3      | Reached skill level 1 in Dodging
  1372 | D:3      | Noticed an ogre
  1410 | D:2      | Slain by an ogre

Illustrated notes

Levels and vault maps discovered:
D:1:      minmay_arrival_plants_in_alcoves, layout_basic,
          ebering_ecumenical_altar_sacrificial
D:2:      layout_rooms
D:3:      layout_rooms, dk_noncrumbling_3, kennysheep_generic_room_5

Skill      XL: |  1  2  3  4 |
---------------+-------------+-----
Long Blades    | 2 |  2.3
Fighting       | 4 |  4.0
Dodging        | 1 |  1.0
Armour         | 4 |  4.0
Short Blades   | |  0.6
Shields        | |  3.2

Action                     |  1- 3 |  4- 6 || total
---------------------------+-------+-------++-------
  Melee: Long sword        |    34 |       ||    34
         Dagger            |    95 |    20 ||   115
         Punch             |       |     1 ||     1
  Evoke: Wand              |       |     1 ||     1
 Armour: Scale mail        |    72 |    18 ||    90
  Dodge: Dodged            |    86 |    13 ||    99
